 Dungeon Crawl Stone Soup version 0.21.1-1-g345015f (webtiles) character file.

129 snha the Slasher (level 4, 0/36 HPs)
             Began as a Draconian Warper on Mar 28, 2018.
             Succumbed to Ijyb's poison
             ... on level 3 of the Dungeon.
             The game lasted 00:06:42 (2576 turns).

snha the Slasher (Draconian Warper)                 Turns: 2576, Time: 00:06:43

Health: 0/36       AC:  5    Str: 13    XL:     4   Next: 88%
Magic:  6/7        EV: 12    Int: 14    God:
Gold:   149        SH:  3    Dex: 11    Spells: 3/7 levels left

rFire    . . .     SeeInvis .   r - +0 scimitar
rCold    . . .     Gourm    .   (no shield)
rNeg     . . .     Faith    .   (armour unavailable)
rPois    .         Spirit   .   (helmet restricted)
rElec    .         Reflect  +   (no cloak)
rCorr    .         Harm     .   (no gloves)
MR       .....                  (no boots)
Stlth    +.........             p - +3 amulet of reflection
HPRegen  0.12/turn              (no ring)
MPRegen  0.10/turn              (no ring)

@: lethally poisoned (0 -> -8), flying
A: unfitting armour, cold-blooded, AC +5
a: no special abilities


You were on level 3 of the Dungeon.
You were not hungry.

You visited 1 branch of the dungeon, and saw 3 of its levels.

You collected 149 gold pieces.

Inventory:

Hand Weapons
 a - a +0 falchion
 r - a +0 scimitar (weapon)
Missiles
 d - 4 tomahawks of dispersal (quivered)
 g - 13 poisoned needles
 h - 67 stones
 j - 8 tomahawks
Jewellery
 p - a +3 amulet of reflection (around neck)
Wands
 q - a wand of flame (21)
Scrolls
 c - a scroll of blinking
 e - a scroll of identify
 i - 3 scrolls of teleportation {unknown}
 m - 2 scrolls of remove curse {unknown}
 n - a scroll of fear {unknown}
Books
 b - a book of Spatial Translocations

   Spells                             Type                      Level
   a - Blink                          Translocation                2
   b - Shroud of Golubria             Charms/Translocation         2
   c - Lesser Beckoning               Translocation                3
   d - Gell's Gravitas                Translocation                3
   e - Teleport Other                 Translocation                3
   f - Passage of Golubria            Translocation                4
Comestibles
 f - 5 rations


   Skills:
 - Level 2.1 Fighting
 + Level 4.3 Long Blades
 - Level 0.8 Throwing
 - Level 2.1 Dodging
 - Level 2.0 Spellcasting
 + Level 1.1 Charms
 + Level 3.6 Translocations


You had 3 spell levels left.
You knew the following spells:

 Your Spells              Type           Power        Failure   Level  Hunger
a - Blink                 Tloc           N/A          8%          2    ###....
b - Shroud of Golubria    Chrm/Tloc      #.........   13%         2    ###....


Dungeon Overview and Level Annotations

Branches:
Dungeon (3/15)

Altars:

Annotations:
D:2 Sigmund


Innate Abilities, Weirdness & Mutations

Your plain brown scales are hard. (AC +5)
You cannot fit into any form of body armour.
You are cold-blooded and may be slowed by cold attacks.


Message History

The magic dart hits you!
* * * LOW HITPOINT WARNING * * *
The orc wizard casts a spell at you. You resist with some effort.
Unknown command.
Unknown command.
Unknown command.
* * * LOW HITPOINT WARNING * * *
You feel sick.
You hit the orc wizard but do no damage.
Your tail-slap misses the orc wizard.
* * * LOW HITPOINT WARNING * * *
You feel sick.
The orc wizard mumbles some strange words.
The orc wizard blinks!
The orc wizard gestures wildly while chanting.
The orc wizard blinks!
* * * LOW HITPOINT WARNING * * *
You feel sick.
You die...

######### #.......#
##### #.......# #...#
#.......#
§..###..$####.......#
........)'o@..§.....#
######../###........#
##...###.......# #...#
#.......# #...#
#..)....#####
#...####..#####...#
#..........####...####
.....[................
##.......##.######.#


You could see an orc wizard.

Vanquished Creatures
  Ijyb (D:3)
  Robin (D:2)
  4 adders (D:2)
  A leopard gecko (D:1)
  2 orcs (D:3)
  3 bats
  11 goblins
  3 hobgoblins (D:1)
  10 jackals
  8 kobolds
  3 frilled lizards
  8 rats
55 creatures vanquished.

Notes
Turn   | Place    | Note
-------+----------+-------------------------------------------
     0 | D:1      | snha the Draconian Warper began the quest for the Orb.
     0 | D:1      | Reached XP level 1. HP: 17/17 MP: 3/3
     2 | D:1      | Noticed a spriggan
     2 | D:1      | Noticed a vine stalker
     4 | D:1      | Noticed a demigod
     4 | D:1      | Noticed a ghoul
     6 | D:1      | Noticed a formicid
     6 | D:1      | Noticed a draconian
     8 | D:1      | Noticed a merfolk
     8 | D:1      | Noticed a demonspawn
    11 | D:1      | Noticed a gargoyle
    13 | D:1      | Noticed an octopode
    13 | D:1      | Noticed a felid
    15 | D:1      | Noticed a centaur
    15 | D:1      | Noticed an elf
    17 | D:1      | Noticed a tengu
    19 | D:1      | Noticed a human
    19 | D:1      | Noticed a vampire
    21 | D:1      | Noticed an ogre
    21 | D:1      | Noticed a troll
    23 | D:1      | Noticed a minotaur
    23 | D:1      | Noticed a naga
    25 | D:1      | Noticed a dwarf
    27 | D:1      | Noticed a halfling
   213 | D:1      | Reached XP level 2. HP: 23/24 MP: 5/5
   217 | D:1      | Learned a level 2 spell: Blink
   220 | D:1      | Learned a level 2 spell: Shroud of Golubria
   900 | D:2      | Noticed Robin
   900 | D:2      | Reached skill level 3 in Long Blades
  1177 | D:1      | Reached XP level 3. HP: 26/29 MP: 3/6
  1537 | D:2      | Killed Robin
  2061 | D:2      | Reached XP level 4. HP: 36/36 MP: 2/7
  2145 | D:2      | Reached skill level 4 in Long Blades
  2153 | D:2      | Noticed Sigmund
  2542 | D:3      | Noticed Ijyb
  2548 | D:3      | Reached skill level 1 in Charms
  2564 | D:3      | Killed Ijyb
  2574 | D:3      | HP: 1/36 [poisoned by Ijyb]
  2576 | D:3      | Succumbed to Ijyb's poison

Skill      XL: |  1  2  3  4 |
---------------+-------------+-----
Long Blades    | 3 4 |  4.3
Charms         | 1 |  1.1
Fighting       | |  2.1
Throwing       | |  0.8
Dodging        | |  2.1
Spellcasting   | |  2.0
Translocations | |  3.6

Action                   |  1- 3 |  4- 6 || total
-------------------------+-------+-------++-------
Melee: Falchion          |   114 |    26 ||   140
       Tailslap          |     7 |     6 ||    13
       Scimitar          |       |    37 ||    37
Throw: Tomahawk          |     1 |       ||     1
 Cast: Shroud of Golubri |    15 |    11 ||    26
       Blink             |     1 |       ||     1
  Use: Scroll            |       |     2 ||     2
       Potion            |       |     2 ||     2
  Eat: Chunk             |     2 |     2 ||     4
       Ration            |     1 |       ||     1
Armor: Skin              |    39 |    21 ||    60
Dodge: Dodged            |    83 |    32 ||   115
       Rpst.: Falchion   |    26 |     3 ||    29
       Scimitar          |       |     3 ||     3
